 Dungeon Crawl Stone Soup version 0.19-a0-1568-gdd01aac (webtiles) character file.

2591 Amnesiac the Geomancer (level 9, -4/45 HPs)
             Began as a Deep Elf Earth Elementalist on Sept 15, 2016.
             Was a Follower of Dithmenos.
             Killed by blast of rock fragments (17 damage)
             ... on level 6 of the Dungeon on Sept 16, 2016.
             The game lasted 00:20:16 (7711 turns).

Amnesiac the Geomancer (DEEE)                       Turns: 7711, Time: 00:20:17

Health: -4/45      AC:  6    Str:  5    XL:     9   Next: 33%
Magic:  13/25      EV: 13    Int: 23    God:    Dithmenos [*.....]
Gold:   192        SH:  0    Dex: 16    Spells: 5 memorised, 14 levels left

rFire  . . .     SeeInvis .     J - 79 stones
rCold  . . .     Gourm    .     c - +0 robe
rNeg   . . .     Faith    .     (no shield)
rPois  .         Spirit   .     (no helmet)
rElec  .         Dismiss  .     h - +0 cloak
rCorr  .         Reflect  .     (no gloves)
MR     .....     Harm     .     (no boots)
Stlth  ++........               C - amulet of magic regeneration
                                (no ring)
                                D - +3 ring of protection

@: wreathed by umbra
A: no striking features
a: Renounce Religion


You were on level 6 of the Dungeon.
You worshipped Dithmenos.
Dithmenos was aware of your devotion.
You were very hungry.

You visited 2 branches of the dungeon, and saw 8 of its levels.
You also visited: Sewer.

You collected 192 gold pieces.

Inventory:

Hand Weapons
 q - a +0 blowgun
 A - a +2 flail of draining
 F - a +0 dire flail of protection
 L - a +1 dagger of freezing
Missiles
 r - 5 poisoned needles
 s - 2 curare-tipped needles
 J - 79 stones (in hand)
Armour
 c - a +0 robe (worn)
 h - a +0 cloak (worn)
Jewellery
 i - an uncursed ring of ice {unknown}
 C - an amulet of magic regeneration (around neck)
 D - a +3 ring of protection (left hand)
 I - an uncursed ring of protection from fire {unknown}
Wands
 d - a wand of flame (26/48)
 z - a wand of flame (3/48)
 G - a wand of flame (11/48)
Scrolls
 a - 2 scrolls of magic mapping {unknown}
 b - 4 scrolls of teleportation {unknown}
 j - a scroll of amnesia {unknown}
 l - 3 scrolls of enchant weapon {unknown}
 n - 8 scrolls of identify {unknown}
 o - a scroll of blinking {unknown}
 p - 2 scrolls of remove curse {unknown}
 u - a scroll of enchant armour {unknown}
 y - 2 scrolls of fear {unknown}
 M - 2 scrolls of recharging {unknown}
 P - a scroll of noise {unknown}
Potions
 f - 7 potions of heal wounds
 g - a potion of magic {unknown}
 k - 7 potions of cancellation {unknown}
 m - 3 potions of degeneration {unknown}
 t - a potion of brilliance {unknown}
 v - 3 potions of curing {unknown}
 B - a potion of might {unknown}
 H - a potion of mutation {unknown}
 O - a potion of flight {unknown}
 Q - a potion of resistance
Books
 e - a book of Geomancy

   Spells                             Type                      Level
   a - Sandblast                      Earth                        1
   b - Passwall                       Transmutation/Earth          2
   c - Stone Arrow                    Conjuration/Earth            3
   d - Petrify                        Transmutation/Earth          4
   e - Lee's Rapid Deconstruction     Earth                        5
Comestibles
 w - 3 bread rations
 x - 5 meat rations
 E - 2 fruits
 N - a royal jelly


   Skills:
 - Level 2.4 Dodging
 - Level 2.4 Stealth
 + Level 10.9 Spellcasting
 - Level 1.1 Transmutations
 - Level 11.0 Earth Magic


You had 14 spell levels left.
You knew the following spells:

 Your Spells              Type           Power        Failure   Level  Hunger
a - Stone Arrow           Conj/Erth      #####.       1%          3    None
e - Petrify               Tmut/Erth      #####...     6%          4    None
f - Lee's Rapid Deconstr  Erth           ######....   1%          5    ####...
v - Passwall              Tmut/Erth      #####.....   1%          2    None
z - Sandblast             Erth           ######       1%          1    None


Dungeon Overview and Level Annotations

Branches:
Dungeon (7/15)             Temple (1/1) D:6

Altars:
Ashenzari
Cheibriados
Dithmenos
Elyvilon
Fedhas
Gozag
Hepliaklqana
Kikubaaqudgha
Makhleb
Nemelex Xobeh
Okawaru
Qazlal
Ru
Sif Muna
Trog
Uskayaw
Vehumet
Xom
Yredelemnul
Zin
The Shining One


Message History

* * * LOW HITPOINT WARNING * * *
Your magical contamination has completely faded away.
You climb upwards.
There is a stone staircase leading down here.
Wield which item (- for none, * to show all)? (? for menu, Esc to quit)
Okay, then.
Wield which item (- for none, * to show all)? (? for menu, Esc to quit)
Your +1 dagger of freezing stops glowing.
J - 79 stones (in hand)
The bullfrog closely misses you. The gnoll barely misses you.
Casting: Petrify
Confirm with . or Enter, or press ? or * to list all spells.
Aiming: Lee's Rapid Deconstruction
Press: ? - help, Dir - move target cursor That beam is likely to hit you.
Continue anyway?
The wall shatters!
The blast of rock fragments hits the gnoll.
The gnoll is almost dead.
The blast of rock fragments hits you!
You die...

#.#...(.............)......
#.#.###....####...#...#..##
#.#.####...# #...(...#...#
#.#..).)...# #...#.#.##...
#.######...# #((.....#..[#
#.# ##..# ###..#..#...# #.#
#..# #.........# #######.#
#.F# ##.#######.# ........#
#g@# #..# #.# #########
#..g#####.########.#
##.................#
##.##############.#
#.##############.# ###
#......#.........# ..#
######.#.######### #.#
#.#.# #<# #.# #.#.# #.#


You could see a bullfrog and 2 gnolls.

Vanquished Creatures
  Sigmund (D:4)
  Menkaure (D:6)
  Edmund (D:4)
  Duvessa (D:4)
  A sky beast (D:5)
  An ice beast (D:6)
  5 ogres
  A phantom (D:6)
  2 centaurs (D:6)
  A big kobold (Sewer)
  Blork the orc (D:6)
  A bullfrog (D:6)
  Dowan (D:4)
  A scorpion (D:5)
  A wight (D:6)
  3 howler monkeys (D:6)
  4 crimson imps
  2 hounds
  A jelly (D:6)
  2 orc priests
  2 orc wizards
  2 iguanas
  Natasha (thrice) (D:4)
  3 worker ants
  4 gnolls
  7 adders
  A shadow imp (D:6)
  An ooze (D:4)
  A worm (D:2)
  4 dart slugs
  4 leopard geckos
  14 orcs
  6 giant cockroaches
  3 goblins
  6 hobgoblins
  13 jackals
  19 kobolds
  6 quokkas
  4 ball pythons
  15 bats
  8 frilled lizards
  2 leopard gecko skeletons
  A leopard gecko zombie (D:6)
  A quokka skeleton (D:4)
  2 quokka zombies (D:5)
  6 rats
170 creatures vanquished.

Notes
Turn   | Place    | Note
-------+----------+-------------------------------------------
     0 | D:1      | Amnesiac the Deep Elf Earth Elementalist began the quest for the Orb.
     0 | D:1      | Reached XP level 1. HP: 10/10 MP: 6/6
   241 | D:3      | Reached skill level 4 in Earth Magic
   241 | D:3      | Reached XP level 2. HP: 15/15 MP: 5/8
   286 | D:3      | Reached XP level 3. HP: 5/19 MP: 0/9
   440 | D:3      | Reached skill level 5 in Earth Magic
   548 | D:3      | Found a deep blue altar of Sif Muna.
   621 | D:3      | Found a glowing drain.
   642 | Sewer    | Entered a sewer
   976 | Sewer    | Reached XP level 4. HP: 24/24 MP: 4/10
  1055 | Sewer    | Noticed a big kobold
  1294 | Sewer    | Learned a level 3 spell: Stone Arrow
  1371 | Sewer    | Killed a big kobold
  1371 | Sewer    | Reached skill level 6 in Earth Magic
  1371 | Sewer    | Reached XP level 5. HP: 17/28 MP: 1/11
  1805 | D:3      | Reached skill level 7 in Earth Magic
  2535 | D:4      | Reached XP level 6. HP: 25/32 MP: 2/12
  2641 | D:4      | Noticed Edmund
  2684 | D:4      | Killed Edmund
  2684 | D:4      | Reached skill level 8 in Earth Magic
  2825 | D:4      | Noticed Natasha
  2832 | D:4      | Killed Natasha
  2843 | D:4      | Noticed Natasha
  2845 | D:4      | Killed Natasha
  3075 | D:4      | Noticed Duvessa
  3075 | D:4      | Noticed Dowan
  3085 | D:4      | Killed Duvessa
  3085 | D:4      | Reached XP level 7. HP: 25/36 MP: 0/13
  3086 | D:4      | Noticed Sigmund
  3097 | D:4      | Killed Dowan
  3097 | D:4      | Reached skill level 9 in Earth Magic
  3203 | D:4      | Noticed Natasha
  3208 | D:4      | Killed Natasha
  3216 | D:4      | Killed Sigmund
  3309 | D:4      | Reached skill level 10 in Earth Magic
  3686 | D:5      | Entered Level 5 of the Dungeon
  3689 | D:5      | Reached XP level 8. HP: 41/41 MP: 8/14
  3752 | D:5      | You fall through a shaft!
  3773 | D:6      | Reached skill level 11 in Earth Magic
  3885 | D:5      | Reached skill level 5 in Spellcasting
  4117 | D:6      | Noticed Menkaure
  4125 | D:6      | Killed Menkaure
  4139 | D:6      | Found a radiant altar of Vehumet.
  4198 | D:6      | Reached XP level 9. HP: 45/45 MP: 15/24
  4365 | D:6      | Noticed Blork the orc
  4368 | D:6      | Killed Blork the orc
  4813 | D:5      | Reached skill level 10 in Spellcasting
  5231 | D:5      | Gained mutation: Scrolls take you a little longer to read. [mutagenic meat]
  5234 | D:5      | Gained mutation: Your mind is acute. (Int +2) [mutagenic meat]
  5237 | D:5      | Gained mutation: Your body sometimes deteriorates upon taking damage. [mutagenic meat]
  5240 | D:5      | Lost mutation: Scrolls take you a little longer to read. [potion of cure mutation]
  5240 | D:5      | Lost mutation: Your body sometimes deteriorates upon taking damage. [potion of cure mutation]
  5240 | D:5      | Lost mutation: Your mind is acute. (Int +2) [potion of cure mutation]
  5633 | D:6      | Found a staircase to the Ecumenical Temple.
  5638 | Temple   | Entered the Ecumenical Temple
  5766 | Temple   | Became a worshipper of Dithmenos the Shadowed
  6126 | D:1      | Learned a level 2 spell: Passwall
  6132 | D:1      | Learned a level 5 spell: Lee's Rapid Deconstruction
  6137 | D:1      | Learned a level 4 spell: Petrify
  6969 | D:2      | Reached * piety under Dithmenos
  7711 | D:6      | Killed by blast of rock fragments

Vault maps used:
D:1:      minmay_arrival_stair_chambers, minmay_misc_feat_doors
D:3:      gup_sewer_entry_pipe, lemuel_blue_sif_altar
D:4:      patterned_corridor, uniq_duvessa, uniq_sigmund, uniq_natasha,
          uniq_edmund
D:5:      enter_ossuary_4, first_bread, kennysheep_dice
D:6:      hangedman_decor_lopped, vehumet_altar_wand_db, uniq_menkaure,
          uniq_blork_the_orc
Temple:   kilobyte_greek_temple
Sewer:    kennysheep_pipe_town

Skill      XL: |  1  2  3  4  5  6  7  8  9 |
---------------+----------------------------+-----
Earth Magic    | 4 5 6 7 8 10 11 | 11.0
Spellcasting   | 9 10 | 10.9
Dodging        | |  2.4
Stealth        | |  2.4
Transmutations | |  1.1

Action                   |  1- 3 |  4- 6 |  7- 9 || total
-------------------------+-------+-------+-------++-------
Melee: Unarmed           |     1 |       |       ||     1
       Flail             |       |       |    79 ||    79
       Dagger            |       |       |     5 ||     5
 Cast: Sandblast         |    79 |    41 |    53 ||   173
       Stone Arrow       |       |    38 |    57 ||    95
       Petrify           |       |       |     2 ||     2
       Lee's Rapid Decon |       |       |     1 ||     1
Evoke: Wand              |       |       |     6 ||     6
  Use: Potion            |       |     1 |     1 ||     2
 Stab: Petrified         |       |       |     5 ||     5
       Sleeping          |       |       |     2 ||     2
       Distracted        |       |       |     1 ||     1
  Eat: Chunk             |       |     5 |    17 ||    22
       Bread ration      |       |     1 |       ||     1
       Fruit             |       |     1 |       ||     1
Armor: Robe              |    14 |    11 |    50 ||    75
Dodge: Dodged            |    39 |    38 |   108 ||   185
